cohdb
Replays
Latest Replays
All Replays
Popular Replays
Top Player Replays
Match Explorer
How It Works
Community
CoH3 Stats
Reddit
Sign in to upload your games and track your stats! →
Sign in with Steam
Match 40976491
Unlisted
Match 40976491
Overview
Messages
Build Orders
End
Royal Engineer Section
Royal Engineer Section
Construct Section Command Post
Infantry Section
Infantry Section
Infantry Section
Selects Canadian Shock Battlegroup
Selects Attacking Spirit
Selects Canadian Shock Section
Selects Incendiary Munitions
Construct Platoon Command Post
Construct Field Infirmary
Infantry Training
Selects Pyrotechnics
6-pounder Anti-tank Gun Team
6-pounder Anti-tank Gun Team
Canadian Shock Section
Armored Vehicle Training
Selects Churchill Crocodile Heavy Tank
Churchill Crocodile Heavy Tank
Wolfe
ELVEN GOLD
0
0
Comments
sign in to comment!
No comments posted yet!